 Dungeon Sprint DCSS version 0.22-a0-354-g30dfbe6 (webtiles) character file.

1570 Kikal the Grappler (level 8, -11/88 HPs)
             Began as a Troll Monk on Apr 16, 2018.
             Was the Champion of Cheibriados.
             Mangled by a sun demon (26 damage)
             ... summoned by an orc sorcerer
             ... in the Dungeon (Sprint III: "The Ten Rune Challenge").
             The game lasted 00:07:30 (602 turns).

Kikal the Grappler (Troll Monk)                      Turns: 602, Time: 00:07:31

Health: -11/88     AC:  5    Str: 35    XL:     8   Next: 59%
Magic:  14/14      EV: 14    Int: 23    God:    Cheibriados [******]
Gold:   27         SH:  0    Dex: 29    Spells: 9/16 levels left

rFire    . . .     SeeInvis .     - Unarmed
rCold    . . .     Gourm    +   (no shield)
rNeg     . . .     Faith    .   a - +0 robe
rPois    .         Spirit   .   (helmet restricted)
rElec    .         Reflect  .   (no cloak)
rCorr    .         Harm     .   (gloves unavailable)
MR       .....     Clarity  +   (boots unavailable) Stlth +++.......NoTele +
                                (no amulet)
HPRegen  0.64/turn              (no ring)
MPRegen  0.14/turn              (no ring)

@: very slightly contaminated, very slow
A: large, unfitting armour, claws 3, agile 1, clarity, deformed body, fast
metabolism 3, gourmand, regeneration 1, shaggy fur 2, tough skin 2
a: Bend Time, Temporal Distortion, Slouch, Step From Time, Renounce Religion


You were in the Dungeon.
You worshipped Cheibriados.
Cheibriados was exalted by your worship.
You were completely stuffed.

You visited 1 branch You collected 27 gold pieces.

Inventory:

Armour
 a - a +0 robe (worn)
Scrolls
 i - a scroll of fog {unknown}
 k - a scroll of immolation {unknown}
 l - 2 scrolls of remove curse
 n - a scroll of torment {unknown}
 o - a scroll of identify {unknown}
Potions
 c - a potion of curing
 d - 2 potions of heal wounds
 f - 2 potions of magic
 j - 3 potions of mutation
 m - 3 potions of flight
Comestibles
 b - 5 rations
 g - 7 chunks of flesh


   Skills:
 - Level 7.9 Fighting
 - Level 5.0 Dodging
 - Level 1.0 Stealth
 - Level 11.8 Unarmed Combat
 + Level 4.9 Spellcasting
 + Level 1.6 Conjurations
 - Level 3.2 Translocations
 + Level 1.7 Fire Magic
 - Level 5.2 Invocations


You had 9 spell levels left.
You knew the following spells:

 Your Spells              Type           Power        Failure   Level  Hunger
a - Blink                 Tloc           N/A          3%          2    None
b - Fireball              Conj/Fire      ##........   78%         5    #####..


Dungeon Overview and Level Annotations

Branches:
Dungeon (1/1)

Altars:
Cheibriados
Dithmenos
Elyvilon
Fedhas
Gozag
Hepliaklqana
Kikubaaqudgha
Makhleb
Nemelex Xobeh
Okawaru
Qazlal
Ru
Sif Muna
Trog
Uskayaw
Vehumet
Wu Jian
Xom
Yredelemnul
Zin
The Shining One
Beogh
Jiyva
Lugonu

Shops:
D [


Innate Abilities, Weirdness & Mutations

You are too large for most types of armour.
You have claws for hands.
Your metabolism is lightning-fast.
You like to eat raw meat.
Your natural rate of healing is unusually fast.
You are covered in thick fur. (AC +2)
You have very tough skin. (AC +2)
You are agile. (Dex +2)
You possess an exceptional clarity of mind.
Armour fits poorly on your strangely shaped body.


Message History

The orc sorcerer mumbles some strange words.
You eviscerate the orc wizard!!!
You kill the orc wizard!
Cheibriados thoroughly appreciates the change of pace.
The sun demon hits you!!
You are engulfed in flames!
Things that are here:
a giant spiked club; a giant club You take 41 damage, and have 39/88 hp.
MASSIVE DAMAGE!!
You scratch the sun demon but do no damage.
The sun demon hits you!
You are engulfed in flames!!
* * * LOW HITPOINT WARNING * * *
You take 29 damage, and have 10/88 hp.
MASSIVE DAMAGE!!
Okay, then.
Blink to where?
You are very lightly contaminated with residual magic.
As you read the scroll of blinking, it crumbles to dust.
There is an open door here.
The orc sorcerer mumbles some strange words.
The sun demon hits you!!
You die...

▓▓ ▓▓▓ .♣♣ ♣.############
$## ♣.♣ ♣♣.#___#___#__##∩$
♣♣♣ ♣..#)..#__.#._#.o.
≈♣♣♣♣..###'#)###)##..
≈♣♣....#....[.....#.$
≈≈♣....'.⌠......@.#.#
≈≈≈≈...#...######3#o#
≈≈≈....#.⌠.#__#...#'#### #
≈≈.....#...#__#...#.3..#.#
.......#)###v_#...##)#..#
.......#)..#__#..!o##$#.#
.......#___#__+...#)3)# .#
▓▓▓▓▓▓▓▓▓▓▓▓▓▓▓▓▓▓▓▓▓▓▓ ▓


You could see a sun demon and an orc sorcerer.

Vanquished Creatures
  A deep elf mage (D)
  A shadow (D)
  A necrophage (D)
  3 two-headed ogres (D)
  A water elemental (D)
  A scorpion (D)
  A jelly (D)
  An orc priest (D)
  A wizard (D)
  A necromancer (D)
  5 orc wizards (D)
  A kobold demonologist (D)
  3 humans (D)
  2 oozes (D)
  3 orcs (D)
  3 rats (D)
29 creatures vanquished.

Vanquished Creatures (others)
  2 draconian scorchers (D)
  A yaktaur (D)
  6 hellions (D)
9 creatures vanquished.

Grand Total: 38 creatures vanquished

Notes
Turn   | Place    | Note
-------+----------+-------------------------------------------
     0 | D        | Kikal the Troll Monk began the quest for the Orb.
     0 | D        | Reached XP level 1. HP: 22/22 MP: 0/0
    12 | D        | Reached skill level 4 in Unarmed Combat
    12 | D        | Reached XP level 2. HP: 28/31 MP: 1/1
    70 | D        | Reached skill level 5 in Unarmed Combat
    70 | D        | Reached XP level 3. HP: 23/39 MP: 2/2
   103 | D        | Noticed a scorpion
   106 | D        | Killed a hellion
   107 | D        | Killed a hellion
   116 | D        | Killed a scorpion
   116 | D        | Reached skill level 5 in Fighting
   116 | D        | Reached skill level 6 in Unarmed Combat
   116 | D        | Reached XP level 4. HP: 36/50 MP: 3/3
   120 | D        | Killed a hellion
   121 | D        | Killed a hellion
   140 | D        | Killed a white draconian scorcher
   141 | D        | Killed a white draconian scorcher
   146 | D        | Killed a hellion
   148 | D        | Killed a hellion
   153 | D        | Gained mutation: You are resistant to hostile enchantments. (MR+) [potion of mutation]
   153 | D        | Gained mutation: Your body sometimes deteriorates upon taking damage. [potion of mutation]
   153 | D        | Gained mutation: Armour fits poorly on your strangely shaped body. [potion of mutation]
   153 | D        | Gained mutation: You are covered in thick fur. (AC +2) [potion of mutation]
   154 | D        | Lost mutation: Your body sometimes deteriorates upon taking damage. [potion of mutation]
   154 | D        | Lost mutation: You are resistant to hostile enchantments. (MR+) [potion of mutation]
   154 | D        | Gained mutation: You are agile. (Dex +2) [potion of mutation]
   154 | D        | Gained mutation: You possess an exceptional clarity of mind. [potion of mutation]
   176 | D        | Noticed a water elemental
   176 | D        | Killed a yaktaur
   183 | D        | Killed a water elemental
   215 | D        | Reached skill level 7 in Unarmed Combat
   215 | D        | Reached XP level 5. HP: 32/59 MP: 4/4
   265 | D        | Found a radiant altar of Vehumet.
   265 | D        | Found a deep blue altar of Sif Muna.
   265 | D        | Found an ancient bone altar of Kikubaaqudgha.
   270 | D        | Noticed a smoke demon
   272 | D        | Reached skill level 5 in Dodging
   272 | D        | Reached skill level 8 in Unarmed Combat
   285 | D        | Learned a level 2 spell: Blink
   296 | D        | Noticed a shadow
   301 | D        | Killed a shadow
   301 | D        | Reached skill level 9 in Unarmed Combat
   301 | D        | Reached XP level 6. HP: 58/68 MP: 4/8
   338 | D        | Found a blossoming altar of Fedhas.
   338 | D        | Found a stormy altar of Qazlal.
   338 | D        | Found a snail-covered altar of Cheibriados.
   338 | D        | Found a burning altar of Makhleb.
   338 | D        | Found a shimmering altar of Xom.
   338 | D        | Noticed a spatial vortex
   339 | D        | Found a hazy altar of Hepliaklqana.
   339 | D        | Found an opulent altar of Gozag.
   339 | D        | Found a sparkling altar of Nemelex Xobeh.
   339 | D        | Found a corrupted altar of Lugonu.
   339 | D        | Found a viscous altar of Jiyva.
   360 | D        | Became a worshipper of Cheibriados the Contemplative
   360 | D        | Reached * piety under Cheibriados
   360 | D        | Reached ** piety under Cheibriados
   371 | D        | Found a basalt altar of Yredelemnul.
   371 | D        | Found a shadowy altar of Dithmenos.
   371 | D        | Found a sacrificial altar of Ru.
   378 | D        | Reached skill level 10 in Unarmed Combat
   401 | D        | Found a glowing silver altar of Zin.
   401 | D        | Found a glowing golden altar of the Shining One.
   401 | D        | Found a white marble altar of Elyvilon.
   402 | D        | Noticed a deep elf mage
   407 | D        | Killed a deep elf mage
   407 | D        | Reached skill level 11 in Unarmed Combat
   407 | D        | Reached XP level 7. HP: 78/78 MP: 8/11
   415 | D        | Found a hide-covered altar of Uskayaw.
   415 | D        | Found a roughly hewn altar of Beogh.
   415 | D        | Found an iron altar of Okawaru.
   415 | D        | Found a bloodstained altar of Trog.
   415 | D        | Found an ornate altar of the Wu Jian Council.
   415 | D        | Noticed a human
   415 | D        | Noticed a human
   424 | D        | Killed a human
   424 | D        | Reached *** piety under Cheibriados
   424 | D        | Reached XP level 8. HP: 66/87 MP: 10/12
   436 | D        | Learned a level 5 spell: Fireball
   493 | D        | Reached **** piety under Cheibriados
   520 | D        | Reached skill level 5 in Invocations
   526 | D        | Found Latuj's Antique Armour Boutique.
   549 | D        | Reached ***** piety under Cheibriados
   549 | D        | Reached skill level 1 in Conjurations
   549 | D        | Reached skill level 1 in Fire Magic
   559 | D        | Noticed an orc high priest
   559 | D        | Noticed an orc sorcerer
   590 | D        | Reached ****** piety under Cheibriados
   595 | D        | Noticed a sun demon
   602 | D        | Mangled by a sun demon

Vault maps used:
D:        dungeon_sprint_mu

Skill      XL: |  1  2  3  4  5  6  7  8 |
---------------+-------------------------+-----
Fighting       | 3 4 5 6 7 |  7.9
Unarmed Combat | 4 5 6 7 9 11 | 11.8
Dodging        | 3 4 5 |  5.0
Spellcasting   | 2 3 4 |  4.9
Translocations | 2 3 |  3.2
Invocations    | 3 5 |  5.2
Conjurations   | 1 |  1.6
Fire Magic     | 1 |  1.7
Stealth        | |  1.0

Action                   |  1- 3 |  4- 6 |  7- 9 || total
-------------------------+-------+-------+-------++-------
Melee: Unarmed           |    33 |    31 |    40 ||   104
       Punch             |       |     1 |     4 ||     5
  Use: Potion            |       |     2 |       ||     2
       Scroll            |       |       |     2 ||     2
 Stab: Sleeping          |     1 |     2 |       ||     3
  Eat: Chunk             |     3 |     1 |     6 ||    10
Armor: Robe              |     4 |     3 |     4 ||    11
Dodge: Dodged            |    14 |     8 |    13 ||    35

Table legend:
 A = Spawn XP
 B = Non-spawn XP
 C = Spawn XP percentage of total XP
 D = Spawn monster count
 E = Non-spawn monster count
 F = Spawn count percentage of total count
 G = Total turns spent on level
                    A         B        C        D         E        F      G
               +---------+---------+-------+---------+---------+-------+---------
         Total |       0 |    2243 |   0.0 |       0 |      29 |   0.0 |   602
               +---------+---------+-------+---------+---------+-------+---------
             D |       0 |    2243 |   0.0 |       0 |      29 |   0.0 |   602
               +---------+---------+-------+---------+---------+-------+---------
